 Dungeon Crawl Stone Soup version 0.26.0-16-gc1dbca0489 (webtiles) character file.

Game seed: 14103218571233214964

39 leafyfresh the Magician (level 3, -1/25 HPs)
             Began as a Gnoll Hedge Wizard on Jan 18, 2021.
             Was an Initiate of Cheibriados.
             Slain by an iguana (10 damage)
             ... on level 2 of the Dungeon.
             The game lasted 00:02:44 (1773 turns).

leafyfresh the Magician (Gnoll Hedge Wizard)        Turns: 1773, Time: 00:02:44

Health: -1/25      AC:  3    Str: 13    XL:     3   Next: 47%
Magic:  6/11       EV: 14    Int: 18    God:    Cheibriados [......]
Gold:   40         SH:  0    Dex: 15    Spells: 15/16 levels left

rFire    . . .     SeeInvis .   a - +0 dagger
rCold    . . .     Faith    .   (no shield)
rNeg     . . .     Spirit   .   f - +0 leather armour (curse)
rPois    .         Reflect  .   c - +0 hat
rElec    .         Harm     .   (no cloak)
rCorr    .         Rampage  .   (no gloves)
Will     .....                  (no boots)
Stlth    ++........             (no amulet)
HPRegen  0.08/turn              (no ring)
MPRegen  0.12/turn              (no ring)

@: very slow
A: distributed training, fangs 1, strong nose
a: Renounce Religion, Bend Time


You were on level 2 of the Dungeon.
You worshipped Cheibriados.
Cheibriados was noncommittal.
You visited 1 branch of the dungeon, and saw 2 of its levels.

You collected 40 gold pieces.

Inventory:

Hand Weapons
 a - a +0 dagger (weapon)
 d - a +0 hunting sling
Missiles
 e - 8 poisoned darts
Armour
 b - a +0 robe
 c - a +0 hat (worn)
 f - a cursed +0 leather armour (worn)
 h - a scarf of invisibility
Jewellery
 l - an uncursed ring of protection from fire {unknown}
 n - a cursed -4 ring of dexterity {unknown}
Scrolls
 g - 3 scrolls of identify {unknown}
Potions
 j - 2 potions of attraction {unknown}
 m - 2 potions of heal wounds {unknown}


   Skills:
 + Level 0.8 Fighting
 + Level 0.8 Short Blades
 + Level 0.8 Long Blades
 + Level 0.8 Axes
 + Level 0.8 Maces & Flails
 + Level 0.8 Polearms
 + Level 0.8 Staves
 + Level 0.8 Slings
 + Level 0.8 Bows
 + Level 0.8 Crossbows
 + Level 0.8 Throwing
 + Level 0.8 Armour
 + Level 4.5 Dodging
 + Level 4.1 Stealth
 + Level 0.8 Shields
 + Level 0.8 Unarmed Combat
 + Level 7.1 Spellcasting
 + Level 2.1 Conjurations
 + Level 0.5 Hexes
 + Level 2.1 Summonings
 + Level 0.5 Necromancy
 + Level 2.1 Translocations
 + Level 0.5 Transmutations
 + Level 0.5 Fire Magic
 + Level 0.5 Ice Magic
 + Level 0.5 Air Magic
 + Level 0.5 Earth Magic
 + Level 0.5 Poison Magic
 + Level 1.0 Invocations
 + Level 0.8 Evocations


You had 15 spell levels left.
You knew the following spells:

 Your Spells              Type           Power        Failure   Level
a - Magic Dart            Conj           56%          5%          1

Your spell library contained the following spells:

 Spells                   Type           Power        Failure   Level
 Blink                    Tloc           N/A          9%          2
 Call Imp                 Summ           14%          9%          2
 Slow                     Hex            8%           16%         2
 Conjure Flame            Conj/Fire      11%          24%         3
 Mephitic Cloud           Conj/Pois/Air  10%          26%         3


Dungeon Overview and Level Annotations

Branches:
Dungeon (2/15)

Altars:
Cheibriados


Innate Abilities, Weirdness & Mutations

Your experience applies equally to all skills.
You have very sharp teeth.
Your uncanny sense of smell can sniff out nearby items.


Message History

Unknown command.
a - a +0 dagger (weapon)
The iguana bites you but does no damage.
Unknown command.
The iguana closely misses you. The iguana barely misses you.
You see here a +0 short sword.
The iguana completely misses you. The iguana closely misses you.
The iguana misses you. The iguana bites you.
* * * LOW HITPOINT WARNING * * *
The iguana bites you but does no damage.
You see here a ball python skeleton.
The iguana hisses menacingly.
The iguana closely misses you. The iguana closely misses you.
The iguana bites you but does no damage.
The iguana bites you!
You die...

#.......#######.......
###...##### ##...#.....
#.....# ####..........
#.#..<#####.....#####...
♣.♣#.....#..##..# *###
#.#........##..##
♣.♣.<.<....##.## #####
#..........##.## #...♣
♣.♣....@.......# ##.♣..
#.......l..###.# #.....
##.........# #.## #.♣...
#.........###..###.÷...
#..................♣...
#.......####.####..#...
#.......##.....##..#♣..
#.......#.......#..###♣
##......#.......#..#


You could see an iguana.

Vanquished Creatures
  A dart slug (D:2)
  4 bats
  3 giant cockroaches (D:2)
  6 hobgoblins
  2 jackals (D:1)
  4 kobolds
  2 ball pythons
  2 frilled lizards
  4 goblins
  7 rats
35 creatures vanquished.

Vanquished Creatures (others)
  3 plants (D:2)
3 creatures vanquished.

Grand Total: 38 creatures vanquished

Notes
Turn   | Place    | Note
-------+----------+-------------------------------------------
     0 | D:1      | leafyfresh the Gnoll Hedge Wizard began the quest for the
                  | Orb.
     0 | D:1      | Reached XP level 1. HP: 13/13 MP: 8/8
   198 | D:1      | Reached XP level 2. HP: 4/19 MP: 3/10
  1246 | D:2      | Found a faded altar of an unknown god.
  1250 | D:2      | Reached XP level 3. HP: 25/25 MP: 11/11
  1370 | D:2      | Found a snail-covered altar of Cheibriados.
  1380 | D:2      | Became a worshipper of Cheibriados the Contemplative
  1728 | D:2      | Reached skill level 1 in Invocations
  1773 | D:2      | Slain by an iguana

Illustrated notes

Levels and vault maps discovered:
D:1:      saegor_arrival_simple_b, layout_basic, serial_forest,
          infiniplex_forest_straight_4, infiniplex_forest_lined_room_2,
          infiniplex_forest_corner_1, infiniplex_forest_corner_1,
          infiniplex_forest_clump_long, infiniplex_forest_end_2,
          infiniplex_forest_straight_2, infiniplex_forest_end_3, minivault_26
D:2:      layout_rooms, old_standard_altar, serial_forest,
          infiniplex_forest_end_3, infiniplex_forest_lined_ring,
          infiniplex_forest_clump_C, infiniplex_forest_lined_2,
          infiniplex_forest_end_3, infiniplex_forest_lined_1,
          infiniplex_forest_lined_3, chequers_ecumenical_altar_simple,
          nemelex_lonely_heart_becter

Skill      XL: |  1  2  3 |
---------------+----------+-----
Conjurations   | 2 |  2.1
Summonings     | 2 |  2.1
Translocations | 2 |  2.1
Invocations    | 1 |  1.0
Fighting       | |  0.8
Short Blades   | |  0.8
Long Blades    | |  0.8
Axes           | |  0.8
Maces & Flails | |  0.8
Polearms       | |  0.8
Staves         | |  0.8
Slings         | |  0.8
Bows           | |  0.8
Crossbows      | |  0.8
Throwing       | |  0.8
Armour         | |  0.8
Dodging        | |  4.5
Stealth        | |  4.1
Shields        | |  0.8
Unarmed Combat | |  0.8
Spellcasting   | |  7.1
Hexes          | |  0.5
Necromancy     | |  0.5
Transmutations | |  0.5
Fire Magic     | |  0.5
Ice Magic      | |  0.5
Air Magic      | |  0.5
Earth Magic    | |  0.5
Poison Magic   | |  0.5
Evocations     | |  0.8

Action                   || total
-------------------------++-------
Melee: Dagger            ||    31
       Bite              ||     3
 Fire: Hunting sling     ||    33
 Cast: Magic Dart        ||    29
  Use: Scroll            ||     1
 Stab: Sleeping          ||     3
Armor: Leather armour    ||    10
Dodge: Dodged            ||    49
